[Event "Late-Titled-Tuesday-Blitz-March-26-2024"]
[Site "Chess.com"]
[Date "2024.03.26"]
[Round "4"]
[White "BilicVladimir"]
[Black "FairChess_on_YouTube"]
[Result "0-1"]
[WhiteElo "2645"]
[BlackElo "3110"]
[TimeControl "180+1"]
[EndTime "14:41:31 PDT"]
[Termination "FairChess_on_YouTube won by resignation"]

1. e4 c6 2. d4 a6 3. Nd2 g6 4. c3 Bg7 5. Ngf3 Nf6 6. Bd3 O-O 7. e5 Nd5 8. O-O d6 9. exd6 Qxd6 10. Nc4 Qc7 11. Re1 Nd7 12. Nce5 Nxe5 13. Nxe5 c5 14. Nf3 cxd4 15. Nxd4 Rd8 16. Qe2 e5 17. Nf3 Bg4 18.
h3 Nxc3 19. bxc3 Bxf3 20. Qxf3 Qxc3 21. Bg5 Rxd3 22. Qxb7 Qc8 23. Rab1 h6 24. Be3 Qxb7 25. Rxb7 Ra3 26. Re2 Rd8 27. Rc2 Bf8 28. Rcc7 f5 29. Rc6 f4 30. Rxg6+ Kh8 31. Bb6 Rd1+ 32. Kh2 Rxa2 33.
Rf7 Raa1 34. g4 fxg3+ 35. Kg2 Rg1+ 36. Kf3 gxf2 37. Rxf8+ Kh7 38. Rxg1 fxg1=Q 39. Bxg1 Rxg1 40. Ra8 Ra1 41. Ke4 Kg6 42. Kxe5 Kg5 43. Ke4 Kh4 44.
Kf3 Kxh3 45. Rh8 Rf1+ 46. Ke2 Rf6 47. Ke3 Kh4 48. Ke4 h5 49. Ke5 Rf1 50. Ra8 Ra1 51. Kf4 Kh3 52. Kf3 h4 53. Kf2 Kh2 54. Ra7 h3 55.
Ra8 Ra2+ 56. Kf1 Kg3 57. Rg8+ Kf4 58. Kg1 a5 59. Re8 a4 60. Kh1 Ra3 61. Ra8 Kg3 62.
Rg8+ Kf3 63. Re8 Re3 64. Ra8 a3 65. Kh2 Ke2 66. Rd8 Rd3 67. Ra8 Kd2 68. Kh1 Kc2 69.
Kh2 Kb2 0-1

[Event "Late-Titled-Tuesday-Blitz-March-26-2024"]
[Site "Chess.com"]
[Date "2024.03.26"]
[Round "4"]
[White "AlexeiShirov"]
[Black "RebelJohnny"]
[Result "1-0"]
[WhiteElo "2824"]
[BlackElo "2588"]
[TimeControl "180+1"]
[EndTime "14:41:32 PDT"]
[Termination "AlexeiShirov won by resignation"]

1. e4 c5 2. Nf3 d6 3. d4 cxd4 4. Nxd4 Nf6 5. Nc3 a6 6. Be3 e5 7. Nb3 Be6 8. f3 Be7 9. Qd2 Nbd7 10. g4 O-O 11. O-O-O b5 12. g5 b4 13. Ne2 Ne8 14.
f4 a5 15. f5 a4 16. fxe6 axb3 17.
Kb1 bxc2+ 18. Qxc2 fxe6 19. Bh3 Nc7 20. Rhf1 Rc8 21.
Qb3 Rxf1 22. Rxf1 Nc5 23. Bxc5 dxc5 24. Rd1 Qe8 25. Bxe6+ Nxe6 26. Qxe6+ Kh8 27. Qxe5 c4 28. Nf4 c3 29. Rc1 cxb2 30. Rxc8 Qxc8 31. Kxb2 Bxg5 32. Qxg5 Qc3+ 33. Kb1 Qe1+ 34. Kc2 Qc3+ 35. Kd1 Qa1+ 36. Ke2 Qxa2+ 37. Kf3 Qb3+ 38. Kg4 Qd1+ 39. Kh4 b3 40. Qd5 Qe1+ 41. Kg4 h5+ 42. Qxh5+ Kg8 43. Qd5+ Kh7 44. Qxb3 Qxe4 45. Qd3 1-0

[Event "Late-Titled-Tuesday-Blitz-March-26-2024"]
[Site "Chess.com"]
[Date "2024.03.26"]
[Round "4"]
[White "Karttunen"]
[Black "banane_verte"]
[Result "1-0"]
[WhiteElo "2716"]
[BlackElo "2534"]
[TimeControl "180+1"]
[EndTime "14:41:32 PDT"]
[Termination "Karttunen won on time"]

1. d4 Nf6 2. c4 e6 3. Nc3 d5 4. Nf3 c6 5. e3 Nbd7 6. Qc2 Bd6 7. Bd3 O-O 8. O-O dxc4 9. Bxc4 b5 10. Bd3 Bb7 11. e4 e5 12. h3 exd4 13. Nxd4 Nc5 14. Rd1 Nxd3 15. Rxd3 Qb6 16. Nf5 Be5 17. Be3 c5 18. f4 Bxc3 19. Qxc3 Bxe4 20. Rd6 Bxf5 21. Rxb6 axb6 22. Qe5 Be6 23. f5 Bxa2 24. Bh6 Rfe8 25. Qg3 g6 26. Qd6 Ne4 27. Qxb6 Bc4 28. Re1 Ng3 29.
Rxe8+ Rxe8 30. f6 Nf5 31. Bf4 h5 32. Qxc5 Re1+ 33. Kh2 Re2 34. Qc8+ Kh7 35. Qd7 Rxb2 36. Bg5 h4 37. Kg1 Re2 38. Qc7 Bd5 39. Qf4 Rxg2+ 40. Kf1 Ng3+ 41. Ke1 Rg1+ 42. Kd2 Rg2+ 43. Kd1 Rg1+ 44.
Kd2 Rg2+ 45. Ke1 Re2+ 46. Kd1 Re4 47. Qf2 Re2 48. Qd4 1-0

[Event "Late-Titled-Tuesday-Blitz-March-26-2024"]
[Site "Chess.com"]
[Date "2024.03.26"]
[Round "4"]
[White "sergoy"]
[Black "NikoTheodorou"]
[Result "1/2-1/2"]
[WhiteElo "2925"]
[BlackElo "3112"]
[TimeControl "180+1"]
[EndTime "14:41:33 PDT"]
[Termination "Game drawn by repetition"]

1. d4 Nf6 2. c4 g6 3. Nc3 Bg7 4. e4 d6 5. Nf3 O-O 6. Be2 e5 7. O-O h6 8. Re1 Nbd7 9. Rb1 Nh7 10. dxe5 Nxe5 11. Nxe5 Bxe5 12. f4 Bg7 13. Bf3 Re8 14.
Be3 Be6 15. Qd3 c6 16. f5 Bc8 17. fxg6 fxg6 18. Bf4 Be6 19. Bxd6 Ng5 20. c5 Nf7 21.
Rbd1 Nxd6 22. cxd6 Be5 23. Qe3 Qg5 24. Qxg5 hxg5 25.
h3 Rad8 26. Bg4 b5 27. a3 a5 28. d7 Re7 29. Bxe6+ Rxe6 30. Rd3 Kf7 31. Red1 Ke7 32. Kf2 Rd6 33. Rxd6 Bxd6 34. Kf3 Rxd7 35. Kg4 Be5 36. Rxd7+ Kxd7 37. Nd1 Bf6 38. e5 Be7 39. Kf3 a4 40.
Ke4 Bc5 41. Nc3 Ke6 42. Ne2 Bf2 43. g3 Bb6 44. h4 gxh4 45. Nf4+ Kf7 46. gxh4 Bf2 47.
h5 gxh5 48. Nxh5 Ke7 49. Nf4 Bb6 50. Ng6+ Ke6 51. Nf4+ Ke7 52. Nd3 Kd7 53. Nf4 Ke7 1/2-1/2

[Event "Late-Titled-Tuesday-Blitz-March-26-2024"]
[Site "Chess.com"]
[Date "2024.03.26"]
[Round "4"]
[White "NMJeevanK"]
[Black "alexrustemov"]
[Result "0-1"]
[WhiteElo "2615"]
[BlackElo "2919"]
[TimeControl "180+1"]
[EndTime "14:41:33 PDT"]
[Termination "alexrustemov won by resignation"]

1. e4 e6 2. d3 c5 3. Nf3 Nc6 4.
g3 g6 5. Bg2 Bg7 6. O-O Nge7 7.
Re1 d6 8. c3 e5 9. Bg5 h6 10. Bxe7 Qxe7 11. Nbd2 O-O 12. Nc4 Be6 13. Ne3 f5 14. Nh4 Qf7 15. exf5 gxf5 16. f4 exf4 17. gxf4 d5 18. c4 dxc4 19. Nxc4 Rad8 20. Qe2 Nd4 21. Qf1 Nc2 22. Rxe6 Qxe6 23. Rc1 Ne3 24. Nxe3 Qxe3+ 25. Kh1 Qxd3 26. Qf2 Bd4 27. Qe1 Rfe8 28. Qa5 Qe3 29. Rf1 Qe6 30. Qxa7 b5 31. Qa3 Kh7 32. Qh3 Rf8 33. Nf3 Bf6 34. Re1 Qd7 35. Bf1 c4 36.
Qh5 Rfe8 37. Ne5 Bxe5 38. fxe5 Qe6 39. Bh3 Rf8 40. Rf1 b4 41. Bxf5+ Rxf5 42. Rxf5 Qd5+ 43. Rf3 Rf8 44. Kg2 c3 45. bxc3 bxc3 46. Kg3 Qxf3+ 47. Qxf3 Rxf3+ 48. Kxf3 c2 49. e6 Kg6 50. e7 Kf7 0-1

[Event "Late-Titled-Tuesday-Blitz-March-26-2024"]
[Site "Chess.com"]
[Date "2024.03.26"]
[Round "4"]
[White "BardArtem"]
[Black "Russian_berezka"]
[Result "1-0"]
[WhiteElo "2822"]
[BlackElo "2583"]
[TimeControl "180+1"]
[EndTime "14:41:35 PDT"]
[Termination "BardArtem won by resignation"]

1. e4 g6 2. d4 Bg7 3. Nc3 d5 4. Nxd5 c6 5. Ne3 Qxd4 6. Qxd4 Bxd4 7. Nf3 Bg7 8. c3 Nf6 9. Bd3 Nbd7 10. Bc2 b6 11.
O-O Bb7 12. e5 Nd5 13. Nxd5 cxd5 14. Re1 e6 15. Ba4 O-O-O 16. Bxd7+ Rxd7 17. Nd4 Bf8 18. a4 Bc5 19. Be3 Bxd4 20. Bxd4 Ba6 21. f3 Kb7 22.
Kf2 Bc4 23. Ke3 a6 24. Kf4 h6 25. g4 Rc8 26. h4 Rc6 27. h5 g5+ 28. Kg3 Rc8 29. f4 gxf4+ 30. Kxf4 Rg8 31. Rg1 Bd3 32. g5 hxg5+ 33. Rxg5 Rh8 34. Rh1 Rh6 35. Rg7 Kc6 36. Kg5 Rh8 37. h6 Bg6 38. h7 b5 39. axb5+ Kxb5 40. b4 Kc4 41. Kh6 Rdd8 42. Rh3 Ra8 43.
Bf2 a5 44. bxa5 Rxa5 45. Bh4 Ra3 46. Bf6 Rxc3 47. Rxc3+ Kxc3 48. Rxg6 Rxh7+ 49. Kxh7 fxg6 50. Kxg6 d4 51. Kf7 d3 52. Bg5 Kd4 53. Kxe6 Ke4 54. Kd6 d2 55. Bxd2 Kd3 56. e6 Kc2 57. e7 Kd1 58.
e8=Q Kc2 59. Bh6 Kc3 60. Qe3+ Kc2 61. Qd2+ Kb1 62. Kc5 Ka1 63. Kb4 Kb1 64. Kb3 1-0

[Event "Late-Titled-Tuesday-Blitz-March-26-2024"]
[Site "Chess.com"]
[Date "2024.03.26"]
[Round "4"]
[White "RuperezA"]
[Black "cakeuvdort"]
[Result "1-0"]
[WhiteElo "2445"]
[BlackElo "2130"]
[TimeControl "180+1"]
[EndTime "14:41:35 PDT"]
[Termination "RuperezA won by resignation"]

1. d4 Nf6 2. Bf4 e6 3. Nc3 d5 4. Qd3 c5 5. dxc5 Bxc5 6. e4 O-O 7. O-O-O Nc6 8. exd5 exd5 9. Bg5 Be6 10. Qg3 Kh8 11. Nf3 h6 12. Ne4 Be7 13. Nxf6 Bxf6 14. Bxf6 Qxf6 15. Qh4 Qxh4 16. Nxh4 Rac8 17. a3 Ne5 18.
Bd3 Rc7 19. Rhe1 Ng4 20. f3 Nf2 21. Rd2 Nxd3+ 22. Rxd3 g5 23. Rxe6 fxe6 24. Ng6+ Kg7 25. Nxf8 Kxf8 26. Re3 Kf7 27. Kd2 Kf6 28. c3 e5 29. Rd3 Ke6 30. Re3 a5 31. g3 a4 32.
f4 gxf4 33. gxf4 e4 34. Rh3 Rh7 35. Ke3 h5 36. Rg3 Rh6 37. h4 b5 38. Rg5 Rh7 39.
Kd4 Rf7 40. Re5+ Kd6 41. Rxd5+ Kc6 42. f5 e3 43. Re5 e2 44. Rxe2 Rxf5 45. Re6+ Kb7 46.
Re5 Rf4+ 47. Re4 Rf2 48. Re5 Rxb2 49. Rxh5 Kb6 50. c4 Rd2+ 51. Kc3 Rh2 52. Rxb5+ Kc6 53. h5 Rh3+ 54. Kb4 Rb3+ 55. Kxa4 Rh3 56. Kb4 Rh4 57.
a4 1-0

[Event "Late-Titled-Tuesday-Blitz-March-26-2024"]
[Site "Chess.com"]
[Date "2024.03.26"]
[Round "4"]
[White "DishonorOnYourCow"]
[Black "egnfanclub"]
[Result "1-0"]
[WhiteElo "2540"]
[BlackElo "2378"]
[TimeControl "180+1"]
[EndTime "14:41:36 PDT"]
[Termination "DishonorOnYourCow won by checkmate"]

1. d4 d5 2. c4 c6 3. Nf3 Nf6 4.
e3 e6 5. b3 Nbd7 6. Bd3 Bb4+ 7.
Nbd2 Ne4 8. O-O f5 9. Qc2 O-O 10.
a3 Bd6 11. Bb2 Ndf6 12. Ne5 Bd7 13. f3 Nxd2 14. Qxd2 Be8 15. c5 Bxe5 16. dxe5 Nd7 17. b4 Qc7 18. f4 b6 19. cxb6 axb6 20. Rfc1 c5 21. Bb5 Nb8 22. Bxe8 Rxe8 23. bxc5 bxc5 24.
a4 Na6 25. Ba3 Rec8 26. Rab1 Rab8 27. Rb5 Qa7 28. h3 c4 29. Bd6 Rxb5 30. axb5 Nc5 31. Qd4 Qb6 32. Rb1 Na4 33. Kf2 Qxd4 34. exd4 Kf7 35.
Ke3 Ke8 36. Kd2 Nb6 37. Bc5 Rb8 38. Ra1 Rb7 39. Kc3 Nd7 40. Kb4 g6 41. Ra6 Kf7 42.
b6 h6 43. Kb5 g5 44. Kc6 Nxc5 45. dxc5 Rb8 46. Kc7 Re8 47. b7 c3 48. Ra1 d4 49.
b8=Q Rxb8 50. Kxb8 d3 51. c6 d2 52. c7 c2 53.
c8=Q d1=Q 54. Ra7+ Kg6 55. Qe8# 1-0

[Event "Late-Titled-Tuesday-Blitz-March-26-2024"]
[Site "Chess.com"]
[Date "2024.03.26"]
[Round "4"]
[White "BabageldiAnnaberdiyev"]
[Black "Njal28"]
[Result "0-1"]
[WhiteElo "2637"]
[BlackElo "3032"]
[TimeControl "180+1"]
[EndTime "14:41:37 PDT"]
[Termination "Njal28 won on time"]

1. e4 c5 2. Nf3 d6 3. d4 cxd4 4. Nxd4 Nf6 5. Nc3 a6 6. Bg5 e6 7. f4 Qc7 8. Qf3 Nbd7 9. O-O-O h6 10. Bxf6 Nxf6 11. Kb1 Be7 12. g4 g5 13. f5 e5 14.
Nb3 b5 15. h3 Bb7 16. Bg2 O-O-O 17. Qe3 Kb8 18. Nd5 Bxd5 19. exd5 Rc8 20. c3 Bd8 21. Bf1 Qa7 22. Qxa7+ Kxa7 23. Be2 Bb6 24. h4 Ne4 25. hxg5 hxg5 26. Bf3 Nf2 27. Rxh8 Rxh8 28. Rf1 e4 29. Be2 Rh2 30. Nc1 Nh3 31. Bd1 Nf4 32.
Re1 e3 33. Be2 Rg2 34. Kc2 Nxd5 35. Kd3 Nf4+ 36. Ke4 Nxe2 37. Nxe2 Rxg4+ 38. Kd5 Rg2 39. Kxd6 Rf2 40. Nd4 Bxd4 41. cxd4 e2 42. Ke7 Rxf5 43. Rxe2 Kb6 44. Rc2 g4 45. Rg2 Rf4 46. d5 Re4+ 47. Kd6 f5 48. Rc2 g3 49. Rc6+ Ka5 50. a3 g2 51. Rc1 f4 0-1

[Event "Late-Titled-Tuesday-Blitz-March-26-2024"]
[Site "Chess.com"]
[Date "2024.03.26"]
[Round "4"]
[White "xasid81"]
[Black "Iball95"]
[Result "0-1"]
[WhiteElo "2610"]
[BlackElo "2879"]
[TimeControl "180+1"]
[EndTime "14:41:38 PDT"]
[Termination "Iball95 won by resignation"]

1. e4 c5 2. Nf3 e6 3. c3 d5 4. exd5 exd5 5. Bb5+ Nc6 6. O-O Nf6 7. Re1+ Be7 8. Qe2 Bg4 9. h3 Bxf3 10. Qxf3 O-O 11. d3 h6 12. Nd2 Re8 13. Nf1 Bd6 14. Rxe8+ Qxe8 15. Bxh6 a6 16. Bxc6 Qxc6 17. Bg5 Nd7 18. Ne3 Ne5 19. Qxd5 Qxd5 20. Nxd5 Nxd3 21. Rd1 Nxb2 22.
Rb1 Nc4 23. Rxb7 f6 24. Bf4 Rd8 25. Bxd6 Rxd6 26. Ne7+ Kf8 27. Ng6+ Kg8 28. Ne7+ Kf8 29. Nf5 Rd1+ 30. Kh2 g6 31. Ne7 g5 32. Ng6+ Kg8 33.
Kg3 Rd3+ 34. Kg4 Rxc3 35. Kh5 Nd6 36. Rb6 Rd3 37. Rxa6 c4 38. Rc6 c3 39. g3 Nf5 40.
Rxf6 c2 41. Rc6 Nd4 42. Rc7 Rf3 43. Kh6 Nf5+ 44. Kxg5 Nd4 45. Kh6 Nf5+ 46. Kg5 Nd4 47. Ne7+ Kf8 48. Ng6+ Ke8 49. Ne5 Ne6+ 50. Kg4 Nxc7 0-1

[Event "Late-Titled-Tuesday-Blitz-March-26-2024"]
[Site "Chess.com"]
[Date "2024.03.26"]
[Round "4"]
[White "PepeCuenca"]
[Black "xxysoul6"]
[Result "0-1"]
[WhiteElo "2731"]
[BlackElo "3013"]
[TimeControl "180+1"]
[EndTime "14:41:41 PDT"]
[Termination "xxysoul6 won on time"]

1. d4 Nf6 2. Bf4 b6 3. Nc3 Bb7 4. f3 e6 5. e4 Bb4 6. Ne2 O-O 7. a3 Be7 8. Nb5 d6 9. c4 Nh5 10. Be3 f5 11. exf5 exf5 12. d5 Re8 13. Qd2 c6 14. dxc6 Nxc6 15. O-O-O Na5 16. Qc2 Rc8 17. Nec3 Bf6 18.
Bd4 Bg5+ 19. Kb1 Nxc4 20. Bxc4+ Rxc4 21. Bxg7 Nxg7 22. Nxd6 Rc7 23. Nxb7 Rd7 24. Qb3+ Kf8 25. Nb5 Qe7 26. Rxd7 Qxd7 27. N7d6 Re6 28. Rd1 a6 29.
Nxf5 Qxb5 30. Qxb5 axb5 31. Nxg7 Kxg7 32. Rd5 Be3 33. Rxb5 Rh6 34. h3 Rg6 35. g4 Rh6 36.
Rb3 Bf4 37. Rb5 Rxh3 38. Rxb6 Rxf3 39. a4 Be3 40. Rb3 Kg6 41. a5 Kg5 42. a6 Kxg4 43. Rb7 h5 44. a7 Rf8 45. Rb8 Rf1+ 46. Ka2 Bxa7 47. Rb7 Be3 48. Rb3 Bf4 49. Rb7 h4 50. Rg7+ Bg5 51. b4 h3 52. Kb3 h2 53. Ka4 h1=Q 54.
Rxg5+ Kxg5 0-1

[Event "Late-Titled-Tuesday-Blitz-March-26-2024"]
[Site "Chess.com"]
[Date "2024.03.26"]
[Round "4"]
[White "promen1999"]
[Black "sotochess"]
[Result "1-0"]
[WhiteElo "2835"]
[BlackElo "2596"]
[TimeControl "180+1"]
[EndTime "14:41:41 PDT"]
[Termination "promen1999 won on time"]

1. e4 c5 2. Nf3 e6 3. c3 d5 4.
e5 d4 5. d3 Nc6 6. g3 Nge7 7.
Bg2 b6 8. O-O Ba6 9. cxd4 cxd4 10. a3 Bb7 11. Re1 Qd7 12. Nbd2 Ng6 13. h4 h6 14. b4 a5 15. b5 Na7 16. h5 Ne7 17. Nc4 Nec8 18. a4 Bb4 19. Bd2 Bc5 20.
Rc1 Qe7 21. Nh2 Bxg2 22. Kxg2 O-O 23. Qg4 Kh8 24. Nf3 Rd8 25. Re4 Qf8 26. Qh3 Ne7 27. g4 Nd5 28. g5 Nc3 29. Rg4 Nxa4 30. gxh6 gxh6 31. Kh2 Nxb5 32. Rcg1 Nac3 33. Qg2 Ne2 34. Rh1 Nbc3 35. Nh4 Be7 36. Ng6+ fxg6 37. Rxg6 Bg5 38.
Bxg5 hxg5 39. Rf6 Qg7 40. h6 Qg8 41. Nd6 Nf4 42. Qg4 Rxd6 43. exd6 a4 44. Rg1 a3 45. d7 Rd8 46. Qxg5 Qxg5 47. Rxg5 a2 48. Rg1 Nb1 49. Rf7 a1=Q 50. Rgg7 Nh5 51. Rh7+ 1-0

[Event "Late-Titled-Tuesday-Blitz-March-26-2024"]
[Site "Chess.com"]
[Date "2024.03.26"]
[Round "4"]
[White "noblerone"]
[Black "carloseduar100"]
[Result "1/2-1/2"]
[WhiteElo "2526"]
[BlackElo "2252"]
[TimeControl "180+1"]
[EndTime "14:41:41 PDT"]
[Termination "Game drawn by repetition"]

1. d4 d5 2. c4 e5 3. dxe5 d4 4. a3 Nc6 5. Nf3 Nge7 6. e3 Bg4 7. Be2 dxe3 8. Bxe3 Qxd1+ 9. Bxd1 Ng6 10. O-O O-O-O 11.
Nc3 Bxf3 12. Bxf3 Ngxe5 13. Be2 Nd4 14. Bxd4 Rxd4 15. Rfd1 Rxd1+ 16. Rxd1 c6 17. Ne4 Be7 18. Kf1 f5 19. Nd2 Rd8 20. Ke1 Bf6 21. b3 g6 22.
h3 Kc7 23. Nf3 Nxf3+ 24. Bxf3 Bc3+ 25. Ke2 Rxd1 26. Kxd1 Bd4 27. Ke2 a5 28. a4 Kd6 29.
g4 fxg4 30. Bxg4 g5 31. Bc8 b6 32. Bf5 h6 33. f3 Kc5 34. Kd3 Bf6 35. Bd7 Kd6 36.
Be8 Be5 37. Ke4 Bf4 38. h4 Bc1 39. h5 Kc5 40. Kf5 Kb4 41. Bxc6 Kxb3 42. Bb5 Kc3 43. Kg6 Kd4 44. Kf5 Ke3 45. Bc6 Kf2 46. Kg6 Kg3 47.
Bb7 Be3 48. Bc6 Bc1 49. Kf5 Kh4 50. Kg6 Bd2 51. Bd7 g4 52. Bxg4 Kg3 53. Kf5 Bg5 54. Ke5 Be3 55. Ke4 Bf4 56. Bf5 Bg5 57. Bg6 Bf4 58.
Be8 Bg5 59. Bc6 Bf4 60. Bd7 Bg5 61. Bg4 Bf4 62. Kd5 Be3 63. Ke5 Bf4+ 64. Ke6 Bg5 65. Kd7 Be3 66. Kc6 Kf4 67. Kb5 Bc5 68. Kc6 Kg5 69. Kb5 Be3 70. Kc6 Bc5 71. Kb5 Be3 72. Kc6 Bc5 1/2-1/2

[Event "Late-Titled-Tuesday-Blitz-March-26-2024"]
[Site "Chess.com"]
[Date "2024.03.26"]
[Round "4"]
[White "Polish_fighter3000"]
[Black "manitodeplomo"]
[Result "1-0"]
[WhiteElo "3114"]
[BlackElo "2647"]
[TimeControl "180+1"]
[EndTime "14:41:43 PDT"]
[Termination "Polish_fighter3000 won on time"]

1. d4 Nf6 2. c4 g6 3. Nc3 Bg7 4. e4 d6 5. Nf3 O-O 6. Be2 c5 7.
O-O Nc6 8. d5 Na5 9. h3 e5 10.
a3 b6 11. b4 Nb7 12. Ne1 Bd7 13. Nd3 Qc7 14. Rb1 cxb4 15. axb4 Qxc4 16. Bd2 Nxe4 17. Nxe5 Nxc3 18. Bxc4 Nxd1 19. Nxd7 Rfc8 20. Ba6 Nc3 21. Bxb7 Nxb1 22. Rxb1 Rc2 23. Bg5 Re8 24. Nf6+ Bxf6 25. Bxf6 Ree2 26. Rf1 a5 27. bxa5 bxa5 28. Bc6 h6 29. Rb1 g5 30. Rb8+ Kh7 31. Bb5 Red2 32. Bf1 Rd1 33. Be7 Rcc1 34. Kh2 Rxf1 35. Rb2 f5 36. Bxd6 f4 37. g4 Rfd1 38. Kg2 Rxd5 39. Rb7+ Kg6 40. Rb6 Kf7 41. Rb7+ Ke6 42. Bf8 Rd3 43.
Bxh6 f3+ 44. Kh2 Rg1 45. Kxg1 a4 46. Bxg5 a3 47. Rb6+ Kd5 48. Ra6 Kc4 49. Be7 Rd1+ 50. Kh2 Rd6 51. Rxa3 1-0

[Event "Late-Titled-Tuesday-Blitz-March-26-2024"]
[Site "Chess.com"]
[Date "2024.03.26"]
[Round "4"]
[White "KuzubovYuriy"]
[Black "Boundless_Strike"]
[Result "1-0"]
[WhiteElo "2921"]
[BlackElo "2617"]
[TimeControl "180+1"]
[EndTime "14:41:43 PDT"]
[Termination "KuzubovYuriy won by resignation"]

1. d4 e5 2. dxe5 d6 3. Nf3 Bg4 4. Nc3 Nc6 5. h3 Bh5 6. Bg5 Qd7 7. exd6 Bxd6 8. Ne4 Bg6 9. Nxd6+ cxd6 10. e3 Nge7 11.
c3 f6 12. Bf4 Ne5 13. Be2 O-O-O 14. Nd4 Be4 15. f3 Bg6 16. Qd2 Kb8 17. Rd1 Nd5 18.
Bh2 Nb6 19. b3 d5 20. f4 Nc6 21. f5+ Ka8 22. fxg6 hxg6 23. O-O f5 24. Bf3 g5 25. Qe2 Ne7 26. Qb5 Qc8 27. Qa5 g4 28. Nb5 Nc6 29. Qxa7+ Nxa7 30. Nc7+ Qxc7 31. Bxc7 gxf3 32. Bxb6 fxg2 33.
Rxf5 Rc8 34. Rfxd5 Rc6 35. Rd8+ Rxd8 36. Rxd8+ Nc8 37.
Bd4 Kb8 38. Kxg2 Kc7 39. Rg8 Rg6+ 40. Kf3 Rh6 41. Rxg7+ Kc6 42. Kg3 Nd6 43. Rg4 b5 44. a4 bxa4 45. bxa4 Rh7 46. h4 Rb7 47. h5 Rb1 48. Kf3 Rf1+ 49. Ke2 Rh1 50. Rg6 Kd5 51.
Rg5+ Kc6 52. Kd3 Kd7 53. a5 Ke6 54. a6 1-0

[Event "Late-Titled-Tuesday-Blitz-March-26-2024"]
[Site "Chess.com"]
[Date "2024.03.26"]
[Round "4"]
[White "stollenmonster"]
[Black "mightysmasher"]
[Result "1-0"]
[WhiteElo "2867"]
[BlackElo "2606"]
[TimeControl "180+1"]
[EndTime "14:41:46 PDT"]
[Termination "stollenmonster won by checkmate"]

1. e4 e6 2. Nc3 d5 3. g3 dxe4 4. Nxe4 Nd7 5. Bg2 Ngf6 6. Nxf6+ Nxf6 7. d4 Bd6 8. Ne2 O-O 9. O-O Rb8 10. c4 b6 11. Nc3 Bb7 12. Bxb7 Rxb7 13. Qf3 Rb8 14. Rd1 Qe7 15. Bg5 h6 16. Be3 Rfd8 17.
Rd3 c5 18. d5 e5 19. Rdd1 e4 20. Qf5 a6 21. a4 Re8 22. Re1 Qd7 23. Qxd7 Nxd7 24.
Kg2 f5 25. Bf4 Ne5 26. Bxe5 Bxe5 27. Re2 g5 28. f3 Bxc3 29. bxc3 exf3+ 30. Kxf3 Rxe2 31. Kxe2 b5 32. axb5 axb5 33. Rb1 b4 34. cxb4 cxb4 35. Kd3 Kf7 36. c5 Ke7 37. Kc4 f4 38. d6+ Kd7 39. Kd5 Rb5 40. gxf4 gxf4 41. Rg1 b3 42. Rg7+ Ke8 43.
Ke6 Kf8 44. Rf7+ Kg8 45. Rxf4 b2 46. d7 Rb8 47. Rf1 h5 48. c6 Kg7 49. c7 Rb6+ 50.
Ke7 Rf6 51. Rb1 Rf7+ 52. Kd6 Rf6+ 53. Kd5 Rf5+ 54. Kc4 Rf4+ 55. Kb3 Rf3+ 56. Ka2 Rd3 57. c8=Q Kf6 58. d8=Q+ Rxd8 59. Qxd8+ Kf5 60. Rxb2 Kg4 61.
Qd4+ Kh3 62. Qe4 h4 63. Qe6# 1-0

[Event "Late-Titled-Tuesday-Blitz-March-26-2024"]
[Site "Chess.com"]
[Date "2024.03.26"]
[Round "4"]
[White "MITerryble"]
[Black "KaydenTroffChess"]
[Result "1/2-1/2"]
[WhiteElo "2995"]
[BlackElo "2851"]
[TimeControl "180+1"]
[EndTime "14:41:47 PDT"]
[Termination "Game drawn by repetition"]

1. d4 Nf6 2. Bg5 d5 3. e3 Nbd7 4. Nf3 g6 5. c4 c6 6. Nc3 Bg7 7. Qb3 O-O 8. cxd5 cxd5 9. Nxd5 Nc5 10. Nxf6+ exf6 11. Qa3 fxg5 12. Qxc5 g4 13. Nd2 b6 14.
Qa3 Bb7 15. O-O-O Qf6 16. f3 gxf3 17. gxf3 Bxf3 18. Nxf3 Qxf3 19. Ba6 Bh6 20. Kb1 Qxe3 21. Qxe3 Bxe3 22. d5 f5 23. d6 f4 24. Rhe1 Rad8 25. d7 Kg7 26. Rd5 Rf7 27. Bc8 Re7 28. Kc2 f3 29. b4 f2 30. Rf1 Kf6 31. Kd3 a5 32.
bxa5 bxa5 33. Rxa5 g5 34. a4 h5 35. Rb5 h4 36. h3 Ba7 37. Ra5 Bb6 38. Ra6 Re6 39. a5 Bc5 40. Rxe6+ Kxe6 41. Ke4 Kf6 42. a6 Ba7 43. Rd1 g4 44. hxg4 Kg5 45. Kf3 h3 46.
Kg3 Bb8+ 47. Kxh3 Kf4 48. Kg2 Ke3 49. Rf1 Rh8 50. Rxf2 Bc7 51. Rf3+ Ke2 52. Rh3 Rf8 53. Rh5 Rf2+ 54. Kg1 Rf1+ 55. Kg2 Rf2+ 56. Kg1 Rf1+ 57.
Kg2 Rf2+ 1/2-1/2

[Event "Late-Titled-Tuesday-Blitz-March-26-2024"]
[Site "Chess.com"]
[Date "2024.03.26"]
[Round "4"]
[White "Payyappat"]
[Black "Cluke86"]
[Result "1-0"]
[WhiteElo "2517"]
[BlackElo "2333"]
[TimeControl "180+1"]
[EndTime "14:41:49 PDT"]
[Termination "Payyappat won on time"]

1. e4 d6 2. d4 Nf6 3. Nc3 e5 4.
dxe5 dxe5 5. Qxd8+ Kxd8 6. Bg5 Be6 7. O-O-O+ Nd7 8. f4 exf4 9. e5 h6 10. Bxf6+ gxf6 11. exf6 c6 12. Nge2 Bg4 13. h3 Bh5 14. Ne4 Kc7 15. Rd2 Re8 16. Nxf4 Rxe4 17. Nxh5 Re1+ 18.
Rd1 Re5 19. g4 Bc5 20. Bc4 Rf8 21. Rhe1 Rxe1 22. Rxe1 b5 23. Bb3 a5 24. c3 a4 25.
Bc2 Kd6 26. h4 Ne5 27. g5 hxg5 28. hxg5 Nf3 29. Rd1+ Ke5 30. Rd7 Nxg5 31. Ng3 Ne6 32. Nh5 Ng5 33. c4 Rh8 34. Bd1 bxc4 35. Rc7 Kd6 36.
Re7 a3 37. Ng7 axb2+ 38. Kxb2 Bd4+ 39. Kc2 Bxf6 40. Nf5+ Kd5 41. Rc7 Rh2+ 42. Kc1 Ne4 43. Bf3 Rf2 44. Bxe4+ Kxe4 45. Nd6+ Kd5 46. Nxf7 Bb2+ 47.
Kb1 c3 48. Rd7+ Kc4 49. Ne5+ Kb5 50. Nd3 Rf1+ 51. Kc2 Ba1 52. Rb7+ Kc4 53. Rb4+ Kd5 54. a4 Rh1 55. a5 c5 56. Rb5 Rh2+ 57. Kb3 1-0

[Event "Late-Titled-Tuesday-Blitz-March-26-2024"]
[Site "Chess.com"]
[Date "2024.03.26"]
[Round "4"]
[White "MariusBieliauskas"]
[Black "aghasiyevkamal"]
[Result "0-1"]
[WhiteElo "2348"]
[BlackElo "2653"]
[TimeControl "180+1"]
[EndTime "14:41:51 PDT"]
[Termination "aghasiyevkamal won on time"]

1. d4 d5 2. c4 e6 3. Nf3 Nf6 4. g3 Nbd7 5. Bg2 Be7 6. O-O O-O 7. Qc2 a6 8. Nbd2 c5 9. cxd5 exd5 10. b3 b6 11. Bb2 Bb7 12. Rac1 Rc8 13. Qb1 Bd6 14. Rfd1 Qe7 15. e3 Rfe8 16. Re1 h6 17. Nh4 Qe6 18. Qf5 Bf8 19. Qxe6 fxe6 20. Ng6 Bd6 21.
Bh3 Rc7 22. Ne5 Bxe5 23. dxe5 Nh7 24. f4 Nhf8 25. e4 Rec8 26. exd5 Bxd5 27. Nc4 Bxc4 28. bxc4 b5 29. Red1 Nb6 30. cxb5 axb5 31. Bf1 c4 32. Rd6 Na4 33. Ba3 Kf7 34. Bb4 Nc5 35.
Rb6 Nd3 36. Bxd3 cxd3 37. Rxc7+ Rxc7 38. Rd6 Rc1+ 39. Kg2 Rc2+ 40. Kf3 Rxa2 41. Rxd3 Rxh2 42. Rd8 Ng6 43. Rd7+ Kg8 44. Rb7 Rb2 45. Rxb5 h5 46. Rb6 Rb3+ 47. Kg2 h4 48. Rxe6 Rxg3+ 49. Kh2 Nxf4 50.
Re8+ Kh7 51. e6 Re3 0-1

[Event "Late-Titled-Tuesday-Blitz-March-26-2024"]
[Site "Chess.com"]
[Date "2024.03.26"]
[Round "4"]
[White "Hrant_ChessMood"]
[Black "1mbl4"]
[Result "1-0"]
[WhiteElo "2950"]
[BlackElo "2618"]
[TimeControl "180+1"]
[EndTime "14:41:54 PDT"]
[Termination "Hrant_ChessMood won by resignation"]

1. c4 Nf6 2. Nf3 g6 3. g3 Bg7 4.
Bg2 O-O 5. O-O d6 6. Nc3 Nbd7 7. d3 e5 8. Nd2 Nh5 9. Rb1 f5 10. Qc2 Nhf6 11. b4 c6 12. b5 c5 13. a4 g5 14.
Ra1 g4 15. a5 Rb8 16. Bb2 h5 17. Nd5 Nxd5 18. Bxd5+ Kh8 19. f4 Qe7 20. e4 exf4 21. Rxf4 Ne5 22. Raf1 Qg5 23. exf5 Bxf5 24. Be4 Be6 25.
Rxf8+ Rxf8 26. Rxf8+ Bxf8 27. Nf1 b6 28. axb6 axb6 29.
Qf2 Bg7 30. Kg2 Qf6 31. Qxf6 Bxf6 32. Ne3 Kg7 33. Kf1 Nf7 34. Bxf6+ Kxf6 35. Bd5 Ne5 36. Ke2 Nd7 37. Bxe6 Kxe6 38. Nd5 Kf5 39. Kf2 Ke5 40. Ke3 Kf5 41. Nf4 Kg5 42. Ne6+ Kf5 43. Nc7 Ke5 44. Nd5 Kf5 45. d4 Kg5 46. Ke4 Nf6+ 47. Nxf6 Kxf6 48.
dxc5 dxc5 49. Kd5 Kf5 50. Kc6 Ke4 51. Kxb6 Kd4 52. Ka5 Kxc4 53. b6 Kd3 54. b7 c4 55.
b8=Q c3 56. Qd6+ Ke2 57. Qe5+ Kd3 58. Qxh5 c2 59. Qg5 Kc3 60. Qxg4 c1=Q 61. Qc8+ Kb3 62. Qxc1 1-0